 Dungeon Crawl Stone Soup version 0.26.1-11-gd32895ea62 (webtiles) character file.

Game seed: 7427015768261368151

184876 porpoise the Fencer (level 18, -16/126 HPs)
             Began as a Halfling Wanderer on July 17, 2021.
             Was a Priest of Fedhas.
             Killed by the raging water
             ... invoked by a water nymph
              (27 damage)
             ... on level 1 of the Shoals.
             The game lasted 04:05:04 (58507 turns).

porpoise the Fencer (Halfling Wanderer)            Turns: 58507, Time: 04:05:10

Health: -16/126    AC: 28    Str: 21    XL:     18   Next: 66%
Magic:  22/28      EV: 19    Int: 10    God:    Fedhas [***...]
Gold:   561        SH:  0    Dex: 17    Spells: 17/17 levels left

rFire    . . .     SeeInvis .   a - +5 double sword (flame)
rCold    . . .     Faith    +   (shield currently unavailable)
rNeg     . . .     Spirit   .   D - +0 storm dragon scales
rPois    +         Reflect  .   A - +0 helmet
rElec    +         Harm     .   n - +2 cloak
rCorr    .         Rampage  .   C - +2 pair of gloves {Dex+3}
Will     ++...                  l - +2 pair of boots
Stlth    ..........             I - amulet of faith
HPRegen  0.31/turn              k - ring of poison resistance
MPRegen  0.21/turn              e - ring of willpower

@: about to teleport, very slightly contaminated, invisible, very slow
A: small, mutation resistance 1
}: 1/15 runes: gossamer
a: Renounce Religion, Wall of Briars, Grow Ballistomycete


You were on level 1 of the Shoals.
You worshipped Fedhas.
Fedhas was most pleased with you.
You visited 6 branches of the dungeon, and saw 29 of its levels.
You also visited: Sewer and Ice Cave.

You collected 2929 gold pieces.
You spent 2368 gold pieces at shops.

Inventory:

Hand Weapons
 a - a +5 double sword of flaming (weapon)
 b - a +0 hunting sling of freezing
Missiles
 d - 4 throwing nets (quivered)
 g - 725 stones
 J - 37 sling bullets
Armour
 l - a +2 pair of boots (worn)
 n - a +2 cloak (worn)
 A - a +0 helmet (worn)
 C - a +2 pair of gloves of dexterity (worn)
 D - +0 storm dragon scales (worn)
Jewellery
 e - a ring of willpower (right hand)
 k - a ring of poison resistance (left hand)
 q - an uncursed ring of see invisible
 I - an amulet of faith (around neck)
 O - an uncursed ring of fire
 Q - an uncursed ring of protection from cold
 W - an uncursed ring of positive energy
Wands
 j - a wand of polymorph (7)
 o - a wand of flame (69)
 L - a wand of iceblast (7)
 N - a wand of acid (22)
 T - a wand of disintegration (19)
 Y - a wand of digging (11)
Scrolls
 p - 9 scrolls of identify
 t - 6 scrolls of magic mapping
 u - a scroll of enchant armour
 y - a scroll of teleportation
 z - 7 scrolls of fog
 F - 16 scrolls of remove curse
 M - a scroll of summoning
Potions
 c - 5 potions of lignification
 f - 4 potions of might
 h - 2 potions of attraction
 i - a potion of curing
 r - 8 potions of ambrosia
 s - 6 potions of flight
 E - a potion of invisibility
 R - 2 potions of berserk rage
 S - 2 potions of haste
Miscellaneous
 m - a box of beasts
 v - a phial of floods (inert)
 G - a tin of tremorstones (2/2)
 H - a phantom mirror
 K - a condenser vane


   Skills:
 + Level 12.0 Fighting
 - Level 16.0 Long Blades
 - Level 0.8 Staves
 - Level 12.0 Slings
 - Level 1.1 Bows
 - Level 14.0 Armour
 - Level 13.0 Dodging
 - Level 1.1 Stealth
 - Level 1.1 Shields
 - Level 14.0 Invocations
 + Level 7.9 Evocations


You had 17 spell levels left.
You didn't know any spells.
Your spell library contained the following spells:

 Spells                   Type           Power        Failure   Level
 Corona                   Hex            0%           90%         1
 Foxfire                  Conj/Fire      0%           90%         1
 Sting                    Tmut/Pois      0%           90%         1
 Poisonous Vapours        Pois/Air       0%           97%         2
 Slow                     Hex            0%           97%         2
 Conjure Flame            Conj/Fire      0%           99%         3
 Ignite Poison            Fire/Tmut/Pois 0%           99%         3
 Inner Flame              Hex/Fire       0%           99%         3
 Mephitic Cloud           Conj/Pois/Air  0%           99%         3
 Portal Projectile        Hex/Tloc       0%           99%         3
 Cause Fear               Hex            0%           100%        4
 Leda's Liquefaction      Hex/Erth       0%           100%        4
 Olgreb's Toxic Radiance  Pois           0%           100%        4
 Sticky Flame             Conj/Fire      0%           100%        4
 Summon Lightning Spire   Summ/Air       0%           100%        4
 Bolt of Magma            Conj/Fire/Erth 0%           100%        5
 Fireball                 Conj/Fire      0%           100%        5
 Silence                  Hex/Air        0%           100%        5
 Conjure Ball Lightning   Conj/Air       0%           100%        6
 Iron Shot                Conj/Erth      0%           100%        6
 Statue Form              Tmut/Erth      0%           100%        6
 Shatter                  Erth           0%           100%        9
 Tornado                  Air            0%           100%        9


Dungeon Overview and Level Annotations

Branches:
Dungeon (15/15)            Temple (1/1) D:7            Lair (6/6) D:8
 Shoals (1/4) Lair:4       Spider (4/4) Lair:4        Slime (0/5) Lair:5
    Orc (2/2) D:10            Elf (0/3) Orc:2        Vaults (0/5) D:14
 Depths (0/5) D:15          Sewer (visited)           IceCv (visited)

Altars:
Ashenzari
Cheibriados
Dithmenos
Elyvilon
Fedhas
Gozag
Hepliaklqana
Kikubaaqudgha
Makhleb
Nemelex Xobeh
Okawaru
Qazlal
Ru
Sif Muna
Trog
Uskayaw
Vehumet
Wu Jian
Xom
Yredelemnul
Zin
The Shining One
Jiyva

Shops:
D:11 [   D:13 [   D:15 *   Orc:2 (}[*?

Portals:
Pandemonium: Orc:2
Trove: D:10 (give 17 potions of curing)

Annotations:
D:7 2 transporters, wallyj24's ghost, novice GnFi
D:8 4 runed translucent doors
Lair:5 1 runed translucent door
Orc:2 2 runed translucent doors, Silvore's ghost, journeyman DsGl


Innate Abilities, Weirdness & Mutations

You are small and have problems with some larger weapons.
You are somewhat resistant to further mutation.


Message History

The boomerang completely misses you.
The weapon returns to the merfolk!
The faun shoots a stone.
The stone hits you!
* * * LOW HITPOINT WARNING * * *
You hear a splash.
Okay, then.
As you read the scroll of teleportation, it crumbles to dust.
You feel strangely unstable.
The faun shoots a stone.
The stone hits your oklob sapling! The water nymph barely misses you.
The faun hits your oklob sapling with a +0 quarterstaff!
A faun comes into view. It is wielding a +0 spear.
The merfolk throws a boomerang.
The boomerang closely misses you.
The weapon returns to the merfolk!
You enter the shallow water.
Moving in this stuff is going to be slow. ...and don't expect to remain undetected.
The faun shoots a stone.
The stone hits your oklob sapling! The water nymph casts a spell at you.
The water swirls and strikes you!!
You die...
Fedhas appreciates your contribution to the ecosystem.

≈≈≈≈≈≈>≈≈..≈≈≈≈≈≈≈
.≈≈[.≈..≈.#≈≈≈≈≈≈≈≈≈≈≈≈≈
.≈≈≈.≈......≈≈≈≈≈≈≈≈≈≈≈≈
..≈≈≈....[≈.≈≈≈≈≈≈≈≈≈≈≈≈
..≈≈≈###.≈≈.≈≈≈≈≈≈≈≈≈≈≈≈
..≈≈≈.##.≈≈≈≈≈≈≈≈≈≈≈≈≈≈≈
≈≈≈≈≈≈≈≈≈≈≈≈≈≈≈≈≈≈≈≈≈≈≈≈
≈≈≈≈≈≈≈≈(≈≈≈≈≈≈≈≈≈≈≈≈≈≈≈
≈≈≈≈≈≈≈≈≈(..m≈m≈@≈≈≈≈≈≈≈
≈≈≈≈≈≈≈≈≈≈†##P.((≈≈≈≈≈≈≈
≈≈≈≈≈≈≈≈≈..##P....≈≈≈≈≈≈
≈≈≈≈≈≈≈≈(≈.##P.##..≈≈≈≈≈
≈≈≈≈≈≈≈m≈(...cc. .≈≈≈≈≈≈
≈≈≈≈≈≈≈≈.c[≈≈≈ ≈≈≈≈≈≈≈
≈≈≈≈≈≈≈≈≈≈≈≈c≈≈≈≈≈≈≈≈≈
≈≈≈≈≈≈.:≈≈.≈≈≈≈≈≈≈≈≈≈≈
...(..≈≈≈≈≈≈≈≈≈≈


You could see a merfolk, 3 fauns, a water nymph and 3 friendly oklob saplings.

Vanquished Creatures
  Rupert (Lair:3)
  Jorgrun (Spider:1)
  A storm dragon (D:12)
  3 ghost moths
  6 emperor scorpions
  2 stone giants
  2 entropy weavers
  A spark wasp (Spider:4)
  Snorg (D:13)
  An ettin (D:10)
  A fire dragon (Lair:6)
  Josephine (D:13)
  Harold (D:8)
  Erolcha (Orc:1)
  5 hydras
  3 vault guards (D:14)
  A catoblepas (D:12)
  4 boulder beetles
  2 death knights
  An ogre mage (D:14)
  3 centaur warriors
  5 two-headed ogres
  A deep troll earth mage (D:12)
  7 orc high priests (Orc:2)
  A tengu warrior (D:15)
  Urug (D:13)
  Nergalle (Lair:1)
  3 unseen horrors
  A skeletal warrior (D:15)
  A goliath frog (shapeshifter) (D:15)
  A torturous demonspawn (Orc:2)
  A glowing orange brain (D:15)
  A lindwurm (Lair:6)
  Pikel (D:7)
  3 harpies (Lair:4)
  17 wolf spiders
  A phantasmal warrior (D:15)
  5 orc knights
  A deep elf mage (D:13)
  11 orb spiders
  5 manticores
  5 orc sorcerers (Orc:2)
  3 moths of wrath
  4 cyclopes
  11 ugly things
  7 black mambas
  A rust devil (Orc:2)
  2 centaur zombies (D:15)
  6 elephants
  A water nymph (Shoals:1)
  Joseph (D:7)
  8 cane toads
  3 gargoyles
  2 molten gargoyles (Lair:6)
  A smoke demon (Orc:2)
  2 torpor snails
  5 rime drakes
  A freezing wraith (D:15)
  A hellwing (Orc:2)
  10 komodo dragons
  3 meliai
  A jumping spider (shapeshifter) (D:13)
  A guardian mummy (D:10)
  11 demonic crawlers
  A meliai (shapeshifter) (D:14)
  39 jumping spiders
  5 trolls
  9 hornets
  5 polar bears (IceCv)
  13 slime creatures
  8 blink frogs
  3 dream sheep (Lair:5)
  A centaur simulacrum (D:13)
  Sigmund (D:2)
  9 wyverns
  53 redbacks
  17 tarantellas
  6 wraiths
  3 shadows
  2 water elementals (Shoals:1)
  7 humans
  42 yaks
  5 steam dragons
  A basilisk (shapeshifter) (D:15)
  11 basilisks
  A neqoxec (Orc:2)
  9 wargs
  2 soldier ants
  2 acid dragons
  9 water moccasins
  4 hell hounds (Lair:6)
  36 orc warriors
  3 black bears
  An eye of draining (shapeshifter) (D:12)
  4 ice beasts
  3 eyes of draining
  7 sky beasts
  9 ogres
  2 phantoms (D:9)
  11 wolves
  19 centaurs
  3 big kobolds
  A wyvern zombie (D:6)
  23 bullfrogs
  A wyvern skeleton (D:8)
  5 scorpions
  12 wights
  6 killer bees (D:10)
  3 howler monkeys (D:9)
  3 electric eels
  5 lava snakes
  A bullfrog zombie (D:13)
  2 quasits
  7 centaur skeletons
  5 hounds
  3 jellies
  Crazy Yiuf (D:5)
  23 orc priests
  18 orc wizards
  2 bullfrog skeletons
  Jessica (D:2)
  Natasha (thrice) (D:4)
  3 iguanas
  11 worker ants
  4 hell rats (Lair:6)
  A hound zombie (D:6)
  A howler monkey zombie (D:5)
  10 adders
  11 gnolls
  A howler monkey skeleton (D:4)
  3 river rats
  A shadow imp (D:6)
  2 white imps
  2 ufetubi
  3 oozes
  An adder skeleton (D:4)
  An adder zombie (D:5)
  4 worms
  2 dart slugs
  5 leopard geckos
  76 orcs
  3 ball pythons
  7 giant cockroaches
  8 goblins
  5 hobgoblins
  8 jackals
  4 quokkas
  4 bats
  4 frilled lizards
  22 kobolds
  15 rats
  5 ballistomycete spores
918 creatures vanquished.

Vanquished Creatures (collateral kills)
  6 emperor scorpions
  3 orb spiders
  2 wolf spiders
  A rust devil (Orc:2)
  5 jumping spiders
  4 hornets (Spider:4)
  A blink frog (Lair:5)
  A redback (Spider:2)
  3 tarantellas
  An ogre (Orc:2)
  An orc priest (Orc:2)
  An orc wizard (Orc:2)
  4 orcs (Orc:2)
  A goblin (D:10)
  103 ballistomycete spores
137 creatures vanquished.

Vanquished Creatures (others)
  A vault guard (D:14)
  A tarantella (Spider:3)
  2 humans (D:14)
  A worker ant (D:13)
  9 ballistomycete spores
  23 fungi
  25 plants
62 creatures vanquished.

Grand Total: 1117 creatures vanquished

Notes
Turn   | Place    | Note
-------+----------+-------------------------------------------
     0 | D:1      | porpoise the Halfling Wanderer began the quest for the Orb.
     0 | D:1      | porpoise set off with the following items: a +2 shortbow,
                  | 28 arrows, a +0 ring mail, a potion of lignification
     0 | D:1      | Reached XP level 1. HP: 16/16 MP: 1/1
   119 | D:1      | Reached XP level 2. HP: 22/22 MP: 2/2
   565 | D:1      | Reached XP level 3. HP: 27/27 MP: 3/3
  1230 | D:2      | Noticed Jessica
  1243 | D:2      | Killed Jessica
  1244 | D:2      | Reached skill level 5 in Fighting
  1244 | D:2      | Reached XP level 4. HP: 26/35 MP: 4/4
  1471 | D:2      | Noticed Sigmund
  1478 | D:2      | Killed Sigmund
  1479 | D:2      | Reached XP level 5. HP: 40/42 MP: 5/5
  1479 | D:2      | Reached XP level 6. HP: 45/47 MP: 6/6
  2109 | D:2      | Found a faded altar of an unknown god.
  2326 | D:3      | Noticed an ogre
  2658 | D:3      | Killed an ogre
  2659 | D:3      | Reached skill level 1 in Dodging
  2659 | D:3      | Reached XP level 7. HP: 33/54 MP: 7/7
  3587 | D:3      | Found a stormy altar of Qazlal.
  4614 | D:4      | Noticed Natasha
  4618 | D:4      | Killed Natasha
  4651 | D:4      | Found a shadowy altar of Dithmenos.
  4741 | D:4      | Reached skill level 5 in Armour
  4904 | D:4      | Noticed Natasha
  4913 | D:4      | Killed Natasha
  4914 | D:4      | Reached XP level 8. HP: 56/60 MP: 8/8
  4979 | D:4      | Noticed Natasha
  4987 | D:4      | Killed Natasha
  4988 | D:4      | Reached skill level 1 in Evocations
  5545 | D:5      | Entered Level 5 of the Dungeon
  5906 | D:5      | Reached skill level 5 in Dodging
  5971 | D:5      | Found a glowing drain.
  5985 | Sewer    | Entered a sewer
  6164 | Sewer    | Found a white marble altar of Elyvilon.
  6254 | D:5      | Reached skill level 1 in Long Blades
  6630 | D:5      | Found a hazy altar of Hepliaklqana.
  6699 | D:5      | Found a runed translucent door.
  6700 | D:5      | Noticed Crazy Yiuf
  6712 | D:5      | Killed Crazy Yiuf
  6713 | D:5      | Reached skill level 2 in Long Blades
  6713 | D:5      | Reached XP level 9. HP: 54/64 MP: 9/9
  6829 | D:6      | Reached skill level 5 in Evocations
  7354 | D:6      | Reached skill level 3 in Long Blades
  8372 | D:7      | Noticed Joseph
  8390 | D:7      | Killed Joseph
  8391 | D:7      | Reached skill level 4 in Long Blades
  8550 | D:7      | Reached skill level 1 in Slings
  8729 | D:7      | Found a staircase to the Ecumenical Temple.
  8739 | Temple   | Entered the Ecumenical Temple
  8963 | Temple   | Became a worshipper of Fedhas Madash
  9086 | D:7      | Found a transporter.
  9128 | D:7      | Reached skill level 5 in Long Blades
  9233 | D:7      | Found a transporter.
  9236 | D:7      | Noticed wallyj24's ghost (novice GnFi)
  9396 | D:7      | Noticed Pikel
  9427 | D:7      | Killed Pikel
  9428 | D:7      | Reached skill level 6 in Long Blades
  9428 | D:7      | Reached XP level 10. HP: 39/71 MP: 10/10
 10220 | D:8      | Noticed a komodo dragon
 10232 | D:7      | Killed a komodo dragon
 10233 | D:7      | Reached skill level 7 in Long Blades
 10778 | D:8      | Reached skill level 5 in Slings
 10824 | D:8      | Found a snail-covered altar of Cheibriados.
 10825 | D:8      | Noticed Harold
 10847 | D:8      | Killed Harold
 11043 | D:8      | Found a staircase to the Lair.
 11117 | D:8      | Reached skill level 8 in Long Blades
 11449 | D:8      | Noticed a manticore
 11450 | D:8      | Noticed a death yak
 11450 | D:8      | Found a huge runed translucent gate.
 11450 | D:8      | Found a huge runed translucent gate.
 11450 | D:8      | Found a huge runed translucent gate.
 11452 | D:8      | Found a huge runed translucent gate.
 11452 | D:8      | Noticed a death yak
 11543 | D:8      | Found an iron altar of Okawaru.
 11567 | D:8      | Reached * piety under Fedhas
 11590 | D:8      | Reached XP level 11. HP: 37/75 MP: 11/11
 11770 | D:8      | Found an ornate altar of the Wu Jian Council.
 11770 | D:8      | Found a bloodstained altar of Trog.
 11770 | D:8      | Found a glowing golden altar of the Shining One.
 11778 | D:8      | Found a radiant altar of Vehumet.
 11783 | D:8      | Found an ancient bone altar of Kikubaaqudgha.
 12340 | D:9      | Reached skill level 1 in Invocations
 13038 | D:9      | Reached ** piety under Fedhas
 13565 | D:10     | Entered Level 10 of the Dungeon
 13612 | D:10     | Found a blossoming altar of Fedhas.
 13614 | D:10     | Noticed an oklob plant
 13851 | D:10     | Found a staircase to the Orcish Mines.
 14176 | D:10     | Found a portal to a secret trove of treasure.
 14649 | D:10     | Reached *** piety under Fedhas
 14894 | Lair:1   | Entered Level 1 of the Lair of Beasts
 15040 | Lair:1   | Found a frozen archway.
 15044 | IceCv    | Entered an ice cave
 15062 | IceCv    | Reached skill level 10 in Slings
 15483 | IceCv    | Reached XP level 12. HP: 45/81 MP: 13/15
 15787 | IceCv    | Noticed a frost giant
 15988 | Lair:1   | Reached skill level 5 in Invocations
 16288 | Lair:1   | Noticed a five-headed hydra
 16306 | Lair:1   | Killed a five-headed hydra
 16579 | Lair:1   | Reached XP level 13. HP: 89/89 MP: 17/19
 17290 | D:11     | Found Biuhyr's Antique Armour Shoppe.
 17300 | D:11     | Bought a shiny scale mail for 224 gold pieces
 19230 | D:11     | Reached skill level 10 in Armour
 19330 | D:11     | Reached **** piety under Fedhas
 20164 | D:12     | Noticed a storm dragon
 20185 | D:12     | Killed a storm dragon
 20350 | D:12     | Found a glowing golden altar of the Shining One.
 20350 | D:12     | Found a sparkling altar of Nemelex Xobeh.
 20406 | D:12     | Reached XP level 14. HP: 93/97 MP: 2/20
 21150 | Lair:2   | Noticed Nergalle
 21188 | Lair:1   | Killed Nergalle
 21714 | Lair:2   | Reached skill level 9 in Long Blades
 21939 | Lair:2   | You fall into a shaft and drop 2 floors!
 22088 | Lair:3   | Noticed Rupert
 22106 | Lair:3   | Killed Rupert
 22176 | Lair:3   | Reached skill level 10 in Dodging
 23770 | Lair:4   | Found a hole to the Spider Nest.
 24110 | Lair:4   | Reached skill level 10 in Long Blades
 24515 | Lair:4   | Got a faintly glowing leather armour
 24526 | Lair:4   | Identified the +1 leather armour of Liajowk {rPois rCorr
                  | Str-5} (You found it on level 4 of the Lair of Beasts)
 24973 | Lair:4   | Found a staircase to the Shoals.
 25218 | Lair:5   | Got an iridescent falchion
 25219 | Lair:5   | Identified the +3 falchion of Delightful Integrity {vorpal,
                  | Int+5} (You found it on level 5 of the Lair of Beasts)
 25284 | Lair:5   | Found a runed translucent door.
 25298 | Lair:5   | Found a viscous altar of Jiyva.
 25313 | Lair:5   | Noticed an azure jelly
 25313 | Lair:5   | Noticed an azure jelly
 25431 | Lair:5   | Found a staircase to the Slime Pits.
 25431 | Lair:5   | Noticed an azure jelly
 26687 | D:13     | Noticed Snorg
 27002 | Orc:1    | Entered Level 1 of the Orcish Mines
 27093 | D:10     | Reached skill level 11 in Long Blades
 27619 | Orc:1    | Noticed Erolcha
 27629 | Orc:1    | Killed Erolcha
 27821 | Orc:1    | Noticed a stone giant
 27854 | Orc:1    | Killed a stone giant
 27855 | Orc:1    | Reached XP level 15. HP: 50/101 MP: 21/21
 28182 | Orc:2    | Entered Level 2 of the Orcish Mines
 29515 | Orc:2    | Found a staircase to the Elven Halls.
 29524 | Orc:2    | Found a large runed translucent door.
 29535 | Orc:2    | Found a large runed translucent door.
 29539 | Orc:2    | Noticed Silvore's ghost (journeyman DsGl)
 29612 | Orc:2    | Found Voucs's Antique Armour Shop.
 29654 | Orc:2    | Bought a pair of glowing boots for 217 gold pieces
 30903 | Orc:2    | Found Uropenec's General Store.
 31086 | Orc:2    | Found Ozxuc's Magic Scroll Boutique.
 31317 | Orc:2    | Gained mutation: Scrolls take you a little longer to read.
                  | [a neqoxec]
 32011 | Orc:2    | Reached skill level 12 in Long Blades
 32011 | Orc:2    | Reached skill level 10 in Invocations
 32976 | Orc:2    | Found Gyg Siro's Antique Weapon Emporium.
 32976 | Orc:2    | Found Sevo's Gadget Shoppe.
 33089 | Orc:2    | Found a one-way gate leading to the halls of Pandemonium.
 33358 | Orc:2    | Bought a tin of tremorstones (2/2) for 480 gold pieces
 33358 | Orc:2    | Bought a condenser vane for 480 gold pieces
 33389 | Orc:2    | Bought a scroll of teleportation for 45 gold pieces
 33389 | Orc:2    | Bought a scroll of summoning for 142 gold pieces
 33389 | Orc:2    | Bought a scroll of magic mapping for 52 gold pieces
 34226 | D:13     | Reached skill level 10 in Fighting
 34851 | D:13     | Noticed Urug
 34879 | D:13     | Killed Urug
 34914 | D:13     | Found Wedufoec's Antique Armour Shoppe.
 35150 | D:13     | Noticed Josephine
 35177 | D:13     | Killed Josephine
 35400 | D:13     | Killed Snorg
 35510 | D:13     | Reached XP level 16. HP: 103/111 MP: 24/24
 36006 | Orc:2    | Bought an uncursed amulet of faith for 520 gold pieces
 37851 | D:14     | Found a gate to the Vaults.
 38012 | D:14     | Found a radiant altar of Vehumet.
 38079 | D:15     | Entered Level 15 of the Dungeon
 38285 | D:15     | Found a broken altar of Ashenzari.
 38888 | D:15     | Found a staircase to the Depths.
 39121 | D:15     | Found Weluat's Assorted Antiques.
 39919 | D:15     | Reached ***** piety under Fedhas
 39933 | D:15     | Found a glowing golden altar of the Shining One.
 40641 | Spider:1 | Entered Level 1 of the Spider Nest
 41102 | Spider:1 | Reached skill level 13 in Long Blades
 42813 | Spider:1 | Noticed Jorgrun
 42830 | Spider:1 | Killed Jorgrun
 42831 | Spider:1 | Reached XP level 17. HP: 80/119 MP: 26/26
 45074 | Spider:2 | Reached skill level 14 in Long Blades
 47341 | Spider:2 | HP: 5/119 [spore (24)]
 48583 | Orc:2    | Bought a scroll of teleportation for 39 gold pieces
 48583 | Orc:2    | Bought 20 sling bullets for 130 gold pieces
 48583 | Orc:2    | Bought a scroll of teleportation for 39 gold pieces
 48778 | Lair:6   | Entered Level 6 of the Lair of Beasts
 49431 | Lair:6   | Reached skill level 15 in Long Blades
 50008 | Lair:6   | Found a large runed translucent door.
 50009 | Lair:6   | Found a large runed translucent door.
 50785 | Lair:6   | Got a twisted lajatang
 50786 | Lair:6   | Identified the +4 lajatang of Kitel {drain, rElec rF++
                  | SInv} (You found it on level 6 of the Lair of Beasts)
 51974 | Spider:2 | Reached XP level 18. HP: 117/126 MP: 28/28
 53311 | Spider:3 | Got an ichor-stained war axe
 53312 | Spider:3 | Identified the +5 war axe "Ogrebane" {freeze, Int+2 Dex+2}
                  | (You found it on level 3 of the Spider Nest)
 53537 | Spider:4 | Entered Level 4 of the Spider Nest
 55544 | Lair:1   | Lost mutation: Scrolls take you a little longer to read.
                  | [potion of mutation]
 56108 | Spider:4 | Reached skill level 16 in Long Blades
 57232 | Spider:4 | Got a gossamer rune of Zot
 57571 | Shoals:1 | Entered Level 1 of the Shoals
 58507 | Shoals:1 | Killed from afar by a water nymph

Illustrated notes

Levels and vault maps discovered:
D:1:      evilmike_arrival_crescent, layout_basic,
          minmay_misc_feat_more_columns, minmay_splitting_lines,
          minmay_liquid_box, minmay_octomino_j4
D:2:      layout_loops_ring, chequers_ecumenical_altar_grove, uniq_jessica,
          uniq_sigmund
D:3:      layout_rooms, lemuel_doored_altar, corexii_corridor_pit, minivault_19
D:4:      layout_basic, grunt_dithmenos_smoke_and_mirrors,
          kennysheep_generic_room_15, uniq_natasha
D:5:      layout_cave_pools, nzn_hepliaklqana_mist_gate, portal_sewer_entry_c,
          uniq_crazy_yiuf_cottage
D:6:      layout_cave_pods, serial_rivers, chequers_serial_rivers_room_b,
          chequers_serial_rivers_marsh, chequers_serial_rivers_room_b,
          chequers_serial_rivers_small_b, chequers_serial_rivers_large_b,
          minmay_unpleasant_kobolds
D:7:      layout_loops_ring, minmay_temple_entry_waves,
          gammafunk_ghost_stat_death, uniq_joseph, uniq_pikel
D:8:      lemuel_bear_cage, layout_loops_corners, minmay_overflow_temple_hex,
          dpeg_oklobed_lair, basic_altar, uniq_harold
D:9:      layout_roguey
D:10:     layout_loops_cross, erik_orc_4, nicolae_trove_entry_path_of_doom,
          lemuel_oklob_altar
D:11:     layout_cave_pods, serial_shops, shop_statue, dk_noncrumbling_4
D:12:     layout_layer_cave, jmf_multi_god_temple
D:13:     minmay_triangles_in_corner, layout_basic, serial_shops, shop,
          kennysheep_generic_room_4, uniq_urug, uniq_snorg, uniq_josephine
D:14:     lemuel_flame_loot_2, layout_small_grid, ximxim_vaults_locker_room,
          lemuel_coloured_pillars_altar
D:15:     gammafunk_enter_depths_forms, layout_basic, basic_altar,
          nicolae_tso_swordbearing_angel, serial_shops, shop
Temple:   nicolae_temple_figure_eight
Lair:1:   layout_regular_city, portal_ice_cave_entry_pillars_2
Lair:2:   layout_hall_layers, grunt_megastairs_3, uniq_nergalle
Lair:3:   layout_gridlike, uniq_rupert
Lair:4:   layout_misc_corridors, shoals_dummy_entry,
          nicolae_spider_entry_tight_spaces, st_stairs_11
Lair:5:   layout_big_grid, slime_altar_2, serial_bayou_shore_b,
          grunt_megastairs_1, lemuel_fruit_fields
Lair:6:   cheibrodos_lair_end_hotspot, layout_regular_city,
          infiniplex_staircase_pool_2
Shoals:1: layout_shoals, serial_shops, shop, st_shoals_ruin
Spider:1: layout_spider_delve, uniq_jorgrun
Spider:2: nicolae_spider_corner
Spider:3: layout_spider_delve
Spider:4: guppyfry_spider_rune
Orc:1:    layout_caves, uniq_erolcha
Orc:2:    pf_orc_diabolical, layout_caves, serial_shops, nicolae_shop_trees,
          ebering_ghost_disaster_area, nooodl_orcs_dogs

Skill      XL: |  1  2  3  4  5  6  7  8  9 10 11 12 13 14 15 16 17 18 |
---------------+-------------------------------------------------------+-----
Fighting       | 4 5 6 7 8 9 10 12 | 12.0
Dodging        | 1 3 5 6 9 11 12 13 | 13.0
Armour         | 5 6 9 11 12 13 14 | 14.0
Evocations     | 4 5 6 7 |  7.9
Long Blades    | 2 6 8 11 12 13 15 16 | 16.0
Slings         | 4 6 10 12 | 12.0
Invocations    | 4 8 9 11 12 13 14 | 14.0
Staves         | |  0.8
Bows           | |  1.1
Stealth        | |  1.1
Shields        | |  1.1

Action                   |  1- 3 |  4- 6 |  7- 9 | 10-12 | 13-15 | 16-18 || total
-------------------------+-------+-------+-------+-------+-------+-------++-------
Melee: Hand axe          |    57 |    29 |       |       |       |       ||    86
       Whip              |     9 |       |       |       |       |       ||     9
       Long sword        |       |       |   185 |   356 |   978 |       ||  1519
       Quick blade       |       |       |       |       |    18 |       ||    18
       Double sword      |       |       |       |       |    67 |   851 ||   918
       Lajatang          |       |       |       |       |       |     5 ||     5
 Fire: Shortbow          |    22 |    34 |   391 |       |       |       ||   447
       Hunting sling     |       |       |     5 |   475 |  1019 |   857 ||  2356
Throw: Boomerang         |       |       |       |       |    10 |       ||    10
       Throwing net      |       |       |       |       |       |     9 ||     9
       Dart              |       |       |       |       |       |     2 ||     2
Invok: Wall of Briars    |       |       |       |     4 |    23 |    10 ||    37
       Grow Ballistomyce |       |       |       |     3 |    21 |    14 ||    38
       Grow Oklob        |       |       |       |       |       |     8 ||     8
       Overgrow          |       |       |       |       |       |     1 ||     1
Evoke: Wand              |       |       |       |    10 |    25 |    43 ||    78
       Phial of floods   |       |       |       |       |     2 |     1 ||     3
       Phantom mirror    |       |       |       |       |     2 |       ||     2
       Condenser vane    |       |       |       |       |     1 |     2 ||     3
       Tin of tremorston |       |       |       |       |       |     4 ||     4
       Box of beasts     |       |       |       |       |       |     1 ||     1
  Use: Scroll            |     2 |       |    10 |     8 |    13 |    13 ||    46
       Potion            |       |     3 |     5 |     4 |     8 |    18 ||    38
 Stab: Confused          |       |       |       |     1 |     3 |       ||     4
       Invisible         |       |       |       |       |       |     1 ||     1
       Distracted        |       |       |       |       |       |     1 ||     1
       Held in net/web   |       |       |       |       |       |     1 ||     1
Armor: Ring mail         |    24 |     9 |   165 |    19 |       |       ||   217
       Skin              |       |     2 |       |       |       |       ||     2
       Scale mail        |       |       |       |   150 |    50 |       ||   200
       Storm dragon scal |       |       |       |       |   460 |   708 ||  1168
Dodge: Dodged            |    45 |    39 |   348 |   401 |   958 |  1086 ||  2877
       Rpst.: Long sword |       |       |    42 |    79 |   207 |       ||   328
       Double sword      |       |       |       |       |    16 |   191 ||   207
